 Dungeon Crawl Stone Soup version 0.22-a0-204-g464ede7bef (webtiles) character file.

48888 MrRokkomies the Protected (level 14, -7/99 HPs)
             Began as a Halfling Abyssal Knight on Feb 17, 2018.
             Was an Elder of Lugonu.
             Killed from afar by an ice dragon (22 damage)
             ... with a blast of cold
             ... on level 1 of the Orcish Mines on Feb 18, 2018.
             The game lasted 01:24:28 (21354 turns).

MrRokkomies the Protected (HaAK)                   Turns: 21354, Time: 01:24:34

Health: -7/99      AC: 27    Str: 17    XL:     14   Next: 89%
Magic:  20/20      EV: 10    Int: 15    God:    Lugonu [****..]
Gold:   896        SH:  7    Dex: 15    Spells: 13/13 levels left

rFire    . . .     SeeInvis .   a - +5 scimitar (protect)
rCold    + . .     Gourm    .   y - +0 buckler
rNeg     . . .     Faith    .   j - +0 chain mail of Haob {+Blink Int+2}
rPois    .         Spirit   .   n - +0 helmet
rElec    .         Reflect  +   h - +0 cloak
rCorr    .         Harm     .   r - +2 pair of gloves
MR       +....                  (no boots)
Stlth    ..........             K - +3 amulet of reflection
HPRegen  0.26/turn              f - ring of protection from cold
MPRegen  0.17/turn              M - +3 ring of intelligence

@: frozen, protection aura, very slightly contaminated, very slow
A: small, mutation resistance 1
a: Depart the Abyss, Bend Space, Banish, Corrupt, Renounce Religion, Evoke Blink


You were on level 1 of the Orcish Mines.
You worshipped Lugonu.
Lugonu was greatly pleased with you.
You were not hungry.

You visited 3 branches of the dungeon, and saw 16 of its levels.
You visited the Abyss 1 time.
You also visited: Sewer.

You collected 896 gold pieces.

Inventory:

Hand Weapons
 a - a +5 scimitar of protection (weapon)
 b - a +0 hunting sling
 P - a +1 falchion of draining
 Q - a +0 blowgun
Missiles
 d - 607 stones (quivered)
 v - 10 curare-tipped needles
 x - 3 throwing nets
 D - 59 sling bullets
Armour
 h - a +0 cloak (worn)
 j - the +0 chain mail of Haob (worn) {+Blink Int+2}
   (You found it on level 6 of the Lair of Beasts)

   It affects your intelligence (+2).
   It lets you blink.
 n - a +0 helmet (worn)
 r - a +2 pair of gloves (worn)
 y - a +0 buckler (worn)
 X - a scarf of cloud immunity
Jewellery
 f - a ring of protection from cold (left hand)
 q - an uncursed ring of fire
 G - an uncursed ring of positive energy
 J - an uncursed amulet of regeneration
 K - a +3 amulet of reflection (around neck)
 M - a +3 ring of intelligence (right hand)
 S - an uncursed amulet of magic regeneration
 W - an uncursed amulet of rage
Wands
 u - a wand of digging (23)
 F - a wand of random effects (15)
 H - a wand of flame (11)
 I - a wand of acid (10)
 N - a wand of paralysis (18)
 T - a wand of polymorph (10)
Scrolls
 g - 2 scrolls of fear
 i - a scroll of enchant weapon
 m - a scroll of magic mapping
 o - a scroll of enchant armour
 t - 4 scrolls of immolation
 w - 3 scrolls of remove curse
 B - 3 scrolls of teleportation
 V - 2 scrolls of identify
Potions
 k - 6 potions of cancellation
 l - 2 potions of haste
 s - 2 potions of flight
 A - 2 potions of agility
 C - 4 potions of brilliance
 E - 2 potions of magic
 O - a potion of curing
 R - a potion of might
Miscellaneous
 e - a phantom mirror
Comestibles
 c - 26 rations
 z - 2 chunks of flesh


   Skills:
 - Level 10.0 Fighting
 * Level 13.5 Long Blades
 - Level 10.0 Slings
 * Level 14.9 Armour
 - Level 1.1 Dodging
 - Level 8.0 Invocations
 - Level 6.0 Evocations


You had 13 spell levels left.
You didn't know any spells.

Dungeon Overview and Level Annotations

Branches:
Dungeon (9/15)             Temple (0/1) D:6            Lair (6/6) D:9
 Shoals (0/4) Lair:4       Spider (0/4) Lair:4        Slime (0/5) Lair:6
    Orc (1/2) D:9

Altars:
Ashenzari
Cheibriados
Dithmenos
Elyvilon
Fedhas
Kikubaaqudgha
Okawaru
Ru
Trog
Vehumet
Wu Jian
Xom
Yredelemnul
Zin
The Shining One
Beogh
Jiyva

Portals:
Ice
Cave: Orc:1

Annotations:
Lair:4 corrupted


Innate Abilities, Weirdness & Mutations

You are small and have problems with some larger weapons.
You are somewhat resistant to further mutation.


Message History

The yak gores you.
* * * LOW HITPOINT WARNING * * *
Okay, then.
Unknown command.
Blink to where?
Press: ? - help, Dir - move target cursor You are very lightly contaminated with residual magic.
As you read the scroll of blinking, it crumbles to dust.
The rime drake breathes ice at you. The flash freeze hits you!
You partially resist.
* * * LOW HITPOINT WARNING * * *
You are encased in ice.
The orc warrior no longer looks unusually strong.
The polar bear bites you.
* * * LOW HITPOINT WARNING * * *
The polar bear claws you but does no damage. x2
The ice dragon breathes frost at you.
The blast of cold hits the polar bear.
The polar bear resists.
The blast of cold hits you! You resist.
You die...

##.#.#* ****##....#*
# **,**,.....,* #
*,,,,,,....** #
***,,,,*#.######
#####******#...#.##
##...##** ##.......
#...kD#Y####oh......
#..@h.YY.o#.#.......
#....h.###o##o.o....
##...#.# ####oo.....
#####*#****#To.o...
**,,.oho.....
**,,..........
*****,,*.o........
**,**,,,,,,,,,,,,,,
**,,,**,,,,,,,,,,,,,


You could see an ice dragon, 2 polar bears, 3 yaks, a rime drake, an orc warrior
and an orc priest.

Vanquished Creatures
  Erolcha (Orc:1)
  A catoblepas (Lair:6)
  A deep troll shaman (Lair:6)
  11 death yaks
  A two-headed ogre (D:8)
  Sonja (Lair:4)
  8 elephants
  6 black mambas
  A torpor snail (Lair:4)
  12 spiny frogs
  5 komodo dragons
  A rime drake (Lair:6)
  A merfolk (Lair:4)
  A troll (Orc:1)
  A queen bee (Lair:1)
  8 polar bears
  21 blink frogs
  6 hippogriffs
  6 dream sheep (Lair:6)
  A wraith (D:9)
  A redback (Lair:4)
  26 yaks
  2 wyverns
  A basilisk (Lair:3)
  A hungry ghost (D:8)
  A vampire mosquito (Lair:2)
  Grum (Lair:1)
  3 insubstantial wisps (Lair:2)
  2 wargs
  5 porcupines
  12 water moccasins
  4 orc warriors
  5 phantoms
  12 black bears
  4 necrophages (D:7)
  24 wolves
  4 centaurs
  5 ogres
  9 crocodiles
  A gnoll sergeant (D:7)
  A big kobold (Sewer)
  12 bullfrogs
  A wyvern skeleton (D:6)
  A scorpion (Lair:2)
  23 killer bees
  An electric eel (Lair:6)
  3 wights (D:7)
  5 howler monkeys
  5 crimson imps
  A centaur zombie (D:9)
  9 orc priests
  Crazy Yiuf (D:2)
  3 bullfrog skeletons
  2 centaur skeletons
  5 hounds
  An iguana (D:7)
  11 orc wizards
  7 worker ants
  2 killer bee zombies
  3 hound zombies
  4 worker ant zombies
  2 hound skeletons
  4 gnolls (D:7)
  4 river rats (Sewer)
  9 adders
  A howler monkey skeleton (D:5)
  4 shadow imps
  3 oozes
  4 worms
  2 dart slugs
  3 leopard geckos
  45 orcs
  2 ball pythons (D:3)
  7 bats
  4 giant cockroaches
  2 goblins (D:3)
  4 hobgoblins
  8 jackals
  7 quokkas
  3 frilled lizards
  A jackal zombie (D:7)
  9 kobolds
  A leopard gecko skeleton (D:8)
  9 rats
  2 plants
458 creatures vanquished.

Vanquished Creatures (others)
  Rupert (Lair:4)
  8 hydras
  The ghost of iroha the Basher, a novice DrBe of Trog (D:8)
  2 merfolk sirens (Lair:4)
  2 spiny frogs
  A torpor snail (Lair:3)
  A komodo dragon (Lair:1)
  A merfolk (Lair:4)
  A yak (Lair:6)
  3 bushes (D:7)
  22 fungi
  23 plants
  2 starspawn tentacles (Abyss:1)
68 creatures vanquished.

Grand Total: 526 creatures vanquished

Notes
Turn   | Place    | Note
-------+----------+-------------------------------------------
     0 | Abyss:1  | MrRokkomies the Halfling Abyssal Knight began the quest for the Orb.
     0 | Abyss:1  | Reached XP level 1. HP: 15/15 MP: 2/2
   117 | Abyss:1  | Noticed a tentacled starspawn
   121 | Abyss:1  | Noticed a large abomination
   121 | Abyss:1  | Noticed a small abomination
   129 | D:1      | Escaped the Abyss
   966 | D:1      | Reached XP level 2. HP: 18/20 MP: 3/3
  1495 | D:2      | Reached skill level 3 in Armour
  1495 | D:2      | Reached XP level 3. HP: 18/25 MP: 4/4
  1717 | D:2      | Found a runed door.
  1964 | D:2      | Noticed Crazy Yiuf
  1980 | D:2      | Killed Crazy Yiuf
  1980 | D:2      | Reached XP level 4. HP: 16/30 MP: 5/5
  2082 | D:3      | Reached * piety under Lugonu
  2180 | D:3      | Reached skill level 4 in Armour
  2180 | D:3      | Reached XP level 5. HP: 16/35 MP: 6/6
  2377 | D:3      | Found a glowing drain.
  2562 | Sewer    | Entered a sewer
  2677 | Sewer    | Noticed a big kobold
  2696 | Sewer    | Killed a big kobold
  2696 | Sewer    | Reached XP level 6. HP: 28/41 MP: 7/7
  2727 | Sewer    | Found a glowing silver altar of Zin.
  2868 | D:3      | Reached skill level 5 in Armour
  3337 | D:3      | Reached ** piety under Lugonu
  3575 | D:4      | Reached skill level 5 in Long Blades
  3600 | D:4      | Reached XP level 7. HP: 42/45 MP: 6/8
  3982 | D:5      | Entered Level 5 of the Dungeon
  4172 | D:5      | Reached skill level 6 in Armour
  4207 | D:5      | Found a shattered altar of Ashenzari.
  4630 | D:5      | Reached XP level 8. HP: 50/51 MP: 9/9
  4780 | D:5      | Found a radiant altar of Vehumet.
  5134 | D:6      | Reached skill level 7 in Armour
  5174 | D:6      | Found a shimmering altar of Xom.
  5243 | D:6      | Found a bloodstained altar of Trog.
  5266 | D:6      | Found a snail-covered altar of Cheibriados.
  5267 | D:6      | Found an iron altar of Okawaru.
  5284 | D:6      | Reached *** piety under Lugonu
  5293 | D:6      | Reached skill level 1 in Slings
  5362 | D:6      | Found a shadowy altar of Dithmenos.
  5542 | D:6      | Found a white marble altar of Elyvilon.
  5594 | D:6      | Found a basalt altar of Yredelemnul.
  5715 | D:6      | Found a glowing golden altar of the Shining One.
  5746 | D:6      | Noticed a hippogriff
  5755 | D:6      | Killed a hippogriff
  5755 | D:6      | Reached skill level 5 in Slings
  5755 | D:6      | Reached XP level 9. HP: 49/55 MP: 8/10
  5780 | D:6      | Found a staircase to the Ecumenical Temple.
  5781 | D:6      | Found an ornate altar of the Wu Jian Council.
  5827 | D:6      | Found a sacrificial altar of Ru.
  6547 | D:7      | Found a glowing silver altar of Zin.
  6606 | D:7      | Reached **** piety under Lugonu
  7136 | D:7      | Found a blossoming altar of Fedhas.
  7212 | D:7      | Reached XP level 10. HP: 55/60 MP: 12/12
  7352 | D:8      | Noticed iroha's ghost (novice DrBe)
  7357 | D:8      | Banished iroha's ghost
  7357 | D:8      | Reached skill level 10 in Long Blades
  7357 | D:8      | Reached skill level 5 in Invocations
  7772 | D:8      | Noticed a two-headed ogre
  7791 | D:8      | Killed a two-headed ogre
  7827 | D:8      | Found an ancient bone altar of Kikubaaqudgha.
  8362 | D:9      | Found a staircase to the Lair.
  8822 | D:9      | Found a staircase to the Orcish Mines.
  8828 | D:9      | Found a roughly hewn altar of Beogh.
  9235 | D:9      | Reached XP level 11. HP: 58/66 MP: 13/16
 10346 | Lair:1   | Entered Level 1 of the Lair of Beasts
 10356 | Lair:1   | Noticed Grum
 10387 | D:9      | Reached ***** piety under Lugonu
 10622 | Lair:1   | Killed Grum
 10912 | Lair:1   | Reached skill level 5 in Fighting
 11289 | Lair:1   | Noticed an eight-headed hydra
 11291 | Lair:1   | Banished an eight-headed hydra
 11848 | Lair:2   | Noticed a four-headed hydra
 11851 | Lair:2   | Banished a four-headed hydra
 11851 | Lair:2   | Reached skill level 10 in Slings
 12036 | Lair:1   | Reached skill level 8 in Armour
 12036 | Lair:1   | Reached XP level 12. HP: 61/80 MP: 18/18
 12342 | Lair:1   | Reached skill level 9 in Armour
 12994 | Lair:2   | Reached skill level 10 in Armour
 13804 | Lair:2   | Reached XP level 13. HP: 54/90 MP: 19/19
 13890 | Lair:2   | Reached skill level 11 in Armour
 15051 | Lair:3   | Reached skill level 10 in Fighting
 15059 | Lair:3   | Reached skill level 12 in Armour
 15059 | Lair:3   | Reached skill level 1 in Evocations
 15510 | Lair:3   | Noticed a seven-headed hydra
 15511 | Lair:3   | Banished a seven-headed hydra
 16044 | Lair:4   | Noticed Sonja
 16055 | Lair:4   | Killed Sonja
 16775 | Lair:4   | Identified a scroll of acquirement
 16879 | Lair:4   | Reached skill level 5 in Evocations
 16887 | Lair:4   | Reached skill level 13 in Armour
 16902 | Lair:4   | Noticed a four-headed hydra
 16904 | Lair:4   | Banished a four-headed hydra
 16937 | Lair:4   | Noticed Rupert
 16942 | Lair:4   | Paralysed by Rupert for 7 turns
 16969 | Lair:4   | Corrupted Lair:4
 16973 | Lair:4   | Killed Rupert
 17030 | Lair:4   | Noticed a great orb of eyes
 17075 | Lair:4   | Found a runed door.
 17104 | Lair:4   | Noticed a seven-headed hydra
 17106 | Lair:4   | Banished a seven-headed hydra
 17220 | Lair:4   | Found a staircase to the Shoals.
 17398 | Lair:4   | Found a hole to the Spider Nest.
 17554 | Lair:5   | Reached XP level 14. HP: 89/99 MP: 20/20
 18412 | Lair:6   | Entered Level 6 of the Lair of Beasts
 19402 | Lair:6   | Reached skill level 14 in Armour
 20074 | Lair:6   | Upgraded the game from 0.22-a0-196-gee22f2738c to 0.22-a0-204-g464ede7bef
 20431 | Lair:6   | Found a viscous altar of Jiyva.
 20433 | Lair:6   | Found a staircase to the Slime Pits.
 20439 | Lair:6   | Got a dazzling chain mail
 20450 | Lair:6   | Identified the cursed +0 chain mail of Haob {+Blink Int+2} (You found it on level 6 of the Lair of Beasts)
 21281 | Orc:1    | Entered Level 1 of the Orcish Mines
 21304 | Orc:1    | Noticed Erolcha
 21314 | Orc:1    | Killed Erolcha
 21337 | Orc:1    | Noticed an orc warlord
 21344 | Orc:1    | Found a frozen archway.
 21354 | Orc:1    | Killed from afar by an ice dragon

Vault maps used:
D:1:      kennysheep_arrival_forest, nrook_mini_vaults
D:2:      uniq_crazy_yiuf_cottage
D:3:      cheibrodos_sewer_entry_bend
D:4:      first_ration
D:5:      evilmike_ruin_ashenzari, lemuel_statue_altar
D:6:      kennysheep_ying_yang, hangedman_ru_absence, lemuel_doored_altar,
          nicolae_overflow_quartered_altars, nicolae_tso_carved_into_rock,
          minmay_temple_entry_trees, serial_undead, serial_undead_f,
          serial_undead_b, serial_undead_b, serial_undead_b, xom_teletrap_fun
D:7:      kennysheep_mini, grunt_ogre_cave, fedhas_altar_decomposition
D:8:      lemuel_round_altar, st_stairs_7
D:9:      erik_lair_orcish_takeover, minmay_orc_entry_temple_small
Lair:1:   beast_lair_carwin_large_1, special_room, uniq_grum
Lair:2:   beast_lair_carwin_large_4, pond, serial_bayou_shore_b,
          grunt_megastairs_5
Lair:3:   st_stairs_8, minivault_26
Lair:4:   elwin_shoals_entry_stream, spider_nest_entry_webs,
          serial_bayou_pond_c, pf_torpor_hydra, grunt_megastairs_2, uniq_sonja,
          uniq_rupert
Lair:5:   columned_hall_lemuel, small_statue_intersection, st_stairs_13
Lair:6:   grunt_lair_end_beastmaster, slime_altar_1, infiniplex_staircase_pool,
          serial_bayou_shore_b
Orc:1:    portal_ice_cave_entry_animals_and_master, uniq_erolcha
Sewer:    sewer_kobolds

Skill      XL: |  1  2  3  4  5  6  7  8  9 10 11 12 13 14 |
---------------+-------------------------------------------+-----
Armour         | 3 4 5 6 7 8 10 13 14 | 14.9
Long Blades    | 3 4 5 6 7 9 11 12 13 | 13.5
Slings         | 5 8 10 | 10.0
Invocations    | 3 7 8 |  8.0
Fighting       | 6 9 10 | 10.0
Evocations     | 5 6 |  6.0
Dodging        | |  1.1

Action                   |  1- 3 |  4- 6 |  7- 9 | 10-12 | 13-15 || total
-------------------------+-------+-------+-------+-------+-------++-------
Melee: Falchion          |   118 |   197 |   564 |  1569 |   352 ||  2800
       Scimitar          |       |       |       |       |   554 ||   554
 Fire: Hunting sling     |       |    17 |    66 |    57 |   119 ||   259
Throw: Throwing net      |       |       |     1 |       |       ||     1
       Stone             |       |       |       |     1 |       ||     1
Invok: Depart the Abyss  |     1 |       |       |       |       ||     1
       Banish            |       |       |       |     7 |    14 ||    21
       Corrupt           |       |       |       |       |     1 ||     1
Evoke: Wand              |       |       |       |     1 |     1 ||     2
  Use: Scroll            |     1 |     9 |     6 |     9 |    16 ||    41
       Potion            |     2 |     1 |     1 |    10 |     5 ||    19
 Stab: Paralysed         |       |       |       |       |     3 ||     3
  Eat: Chunk             |     3 |     6 |    12 |    24 |    17 ||    62
       Ration            |       |       |       |     1 |     4 ||     5
Armor: Plate armour      |    89 |   153 |   371 |   935 |   401 ||  1949
       Skin              |     5 |       |       |       |       ||     5
       Chain mail        |       |       |       |       |    63 ||    63
Dodge: Dodged            |    32 |    78 |   186 |   512 |   255 ||  1063
Block: Buckler           |       |       |    52 |   303 |   256 ||   611
       Rpst.: Falchion   |    12 |    27 |    60 |   129 |    33 ||   261
       Scimitar          |       |       |       |       |    34 ||    34

Table legend:
 A = Spawn XP
 B = Non-spawn XP
 C = Spawn XP percentage of total XP
 D = Spawn monster count
 E = Non-spawn monster count
 F = Spawn count percentage of total count
 G = Total turns spent on level
                    A         B        C        D         E        F      G
               +---------+---------+-------+---------+---------+-------+---------
         Total |       0 |   69841 |   0.0 |       0 |     473 |   0.0 | 21354
               +---------+---------+-------+---------+---------+-------+---------
           D:1 |       0 |      10 |   0.0 |       0 |       8 |   0.0 |   861
           D:2 |       0 |      95 |   0.0 |       0 |      16 |   0.0 |  1089
           D:3 |       0 |     167 |   0.0 |       0 |      35 |   0.0 |  1181
           D:4 |       0 |     139 |   0.0 |       0 |       9 |   0.0 |   513
           D:5 |       0 |     461 |   0.0 |       0 |      25 |   0.0 |  1019
           D:6 |       0 |    1197 |   0.0 |       0 |      23 |   0.0 |   905
           D:7 |       0 |    2002 |   0.0 |       0 |      38 |   0.0 |  1387
           D:8 |       0 |    2639 |   0.0 |       0 |      25 |   0.0 |  1035
           D:9 |       0 |    2179 |   0.0 |       0 |      49 |   0.0 |  2137
        Lair:1 |       0 |    8341 |   0.0 |       0 |      56 |   0.0 |  2153
        Lair:2 |       0 |   10984 |   0.0 |       0 |      44 |   0.0 |  1691
        Lair:3 |       0 |    8105 |   0.0 |       0 |      30 |   0.0 |  2387
        Lair:4 |       0 |    9045 |   0.0 |       0 |      20 |   0.0 |   941
        Lair:5 |       0 |    8547 |   0.0 |       0 |      31 |   0.0 |  2093
        Lair:6 |       0 |   14179 |   0.0 |       0 |      47 |   0.0 |  1551
         Orc:1 |       0 |    1599 |   0.0 |       0 |       6 |   0.0 |    73
         Sewer |       0 |     152 |   0.0 |       0 |      11 |   0.0 |   209
               +---------+---------+-------+---------+---------+-------+---------
